 Dungeon Sprint DCSS version 0.26-a0-1012-gedcf9b2963 (webtiles) character file.

Game seed: 16430461190890705455

504 Conn the Arsonist (level 7, -10/43 HPs)
             Began as an Octopode Fire Elementalist on Dec 7, 2020.
             Was a Follower of Sif Muna.
             Mangled by a wyvern (16 damage)
             ... in the Dungeon (Sprint II: "The Violet Keep of Menkaure").
             The game lasted 00:07:57 (623 turns).

Conn the Arsonist (Octopode Fire Elementalist)       Turns: 623, Time: 00:07:57

Health: -10/43     AC:  1    Str:  8    XL:     7   Next: 17%
Magic:  5/15       EV: 15    Int: 17    God:    Sif Muna [*.....]
Gold:   453        SH:  0    Dex: 12    Spells: 3/19 levels left

rFire    . . .     SeeInvis .     - Unarmed
rCold    . . .     Faith    .   (no shield)
rNeg     . . .     Spirit   .   (helmet restricted)
rPois    .         Reflect  .   (no amulet)
rElec    .         Harm     .   (no ring)
rCorr    .         Rampage  .   (no ring)
Will     .....     Rnd*Rage +   (no ring) Stlth ++++......NoTele +
                                (no ring)
HPRegen  0.14/turn              (no ring)
MPRegen  0.14/turn              (no ring)
                                (no ring)
                                (no ring)

@: no status effects
A: almost no armour, stealthy swim, amphibious, 8 rings, constrict 8, camouflage
1, berserk 1, dopey 1, low mp 1, screaming 1, gelatinous body 1
a: Channel Magic, Renounce Religion


You were in the Dungeon.
You worshipped Sif Muna.
Sif Muna was aware of your devotion.
You visited 1 branch You collected 486 gold pieces.
You spent 33 gold pieces at shops.

Inventory:

Scrolls
 g - a scroll of blinking
Potions
 e - a potion of magic


   Skills:
 + Level 1.0 Fighting
 + Level 5.2 Dodging
 - Level 6.2 Stealth
 + Level 3.7 Unarmed Combat
 + Level 6.5 Spellcasting
 + Level 3.0 Conjurations
 + Level 10.8 Fire Magic


You had 3 spell levels left.
You knew the following spells:

 Your Spells              Type           Power        Failure   Level
a - Foxfire               Conj/Fire      ####         1%          1
b - Conjure Flame         Conj/Fire      ####....     2%          3
c - Inner Flame           Hex/Fire       ###.....     4%          3
d - Sticky Flame          Conj/Fire      ####....     7%          4
e - Fireball              Conj/Fire      ####......   21%         5

Your spell library contained the following spells:

 Spells                   Type           Power        Failure   Level


Dungeon Overview and Level Annotations

Branches:
Dungeon (1/1)

Altars:
Cheibriados
Dithmenos
Elyvilon
Fedhas
Gozag
Hepliaklqana
Kikubaaqudgha
Makhleb
Nemelex Xobeh
Okawaru
Qazlal
Ru
Sif Muna
Trog
Uskayaw
Vehumet
Wu Jian
Xom
Yredelemnul
Zin
The Shining One
Beogh
Jiyva
Lugonu

Shops:
D :=(?[![}(*[:=*!

Annotations:
D exclusion: oklob plant, Roxanne


Innate Abilities, Weirdness & Mutations

You cannot wear most types of armour.
You are very stealthy in the water. (Stealth+)
You are amphibious.
You can wear up to eight rings at the same time.
You can use your tentacles to constrict eight enemies at once.
Your skin changes colour to match your surroundings (Stealth+).
Your rubbery body absorbs attacks. (AC +1, EV +1)
You tend to lose your temper in combat.
You are dopey. (Int -2)
Your magical capacity is low. (-10% MP)
You occasionally shout uncontrollably at your foes.


Message History

Casting: Sticky Flame (quite dangerous; 7% risk of failure)
Confirm with . or Enter, or press ? or * to list all spells.
Okay, then.
Unknown command.
You aren't carrying any items that you can evoke.
The wyvern burns! x2; The wyvern stops burning.
The wyvern bites you.
* * * LOW HITPOINT WARNING * * *
You see here 243 gold pieces.
Okay, then.
Casting: Sticky Flame (quite dangerous; 7% risk of failure)
Confirm with . or Enter, or press ? or * to list all spells.
Okay, then.
The wyvern burns!
The wyvern burns!
Casting: Sticky Flame (quite dangerous; 7% risk of failure)
Confirm with . or Enter, or press ? or * to list all spells.
Okay, then.
Okay, then.
The wyvern burns!
The wyvern stops burning.
The wyvern bites you!
You die...

.⌠.∩....#≈##.###'###.##..# +..#
..∩.∩...#≈#.#.##.##.###..# #..#
...∩.∩..'≈+##.'.<.'##.'..####^.##
....∩...#≈##..##.##...#.3..###...
▓▓▓▓▓▓###≈##.###'###.##5.....≈≈≈≈
$HH######≈≈####.$.####≈≈.....≈#+#
)hH#. ##≈≈≈#..#l.#≈≈≈≈≈≈≈†.≈#..
∩Ph+( #+#≈##.l.##§§≈§≈≈≈≈.≈#._
[?.#!# #≈≈##@##≈5≈§§§§≈≈≈≈#_. $.$
## ##≈≈≈≈≈§§≈≈≈≈§§≈§§§#._ #+#
#'''#§''#≈≈§≈≈≈≈≈≈#..
#≈≈≈≈≈≈§##≈≈§###≈≈#..
#§§≈≈§.§§§##≈≈# #≈§#..
+§§§§§8.§§§§+≈≈# #§≈#..
##§§§≈§≈§§§##≈§≈≈≈≈≈###
##§§§§§§§## ######≈≈ ####+####


You could see Roxanne (unaware) and 2 wyverns.

Vanquished Creatures
  3 neqoxecs (D)
  Menkaure (D)
  3 worms (D)
7 creatures vanquished.

Vanquished Creatures (others)
  A neqoxec (D)
  A water moccasin (D)
  33 foxfires (D)
35 creatures vanquished.

Grand Total: 42 creatures vanquished

Notes
Turn   | Place    | Note
-------+----------+-------------------------------------------
     0 | D        | Conn the Octopode Fire Elementalist began the quest for the
                  | Orb.
     0 | D        | Reached XP level 1. HP: 11/11 MP: 3/3
    14 | D        | Reached skill level 4 in Fire Magic
    14 | D        | Reached XP level 2. HP: 17/17 MP: 3/5
    31 | D        | Killed a water moccasin
    38 | D        | Found a roughly hewn altar of Beogh.
    39 | D        | Found a hazy altar of Hepliaklqana.
    39 | D        | Found a snail-covered altar of Cheibriados.
    40 | D        | Found a stormy altar of Qazlal.
    40 | D        | Found a viscous altar of Jiyva.
    40 | D        | Found a shadowy altar of Dithmenos.
    41 | D        | Found a sacrificial altar of Ru.
    41 | D        | Found an ancient bone altar of Kikubaaqudgha.
    41 | D        | Found a white marble altar of Elyvilon.
    42 | D        | Found an ornate altar of the Wu Jian Council.
    42 | D        | Found a shimmering blue altar of Sif Muna.
    42 | D        | Found a corrupted altar of Lugonu.
    43 | D        | Found a shimmering altar of Xom.
    43 | D        | Found a bloodstained altar of Trog.
    43 | D        | Found a burning altar of Makhleb.
    44 | D        | Found a glowing golden altar of the Shining One.
    44 | D        | Found a basalt altar of Yredelemnul.
    44 | D        | Found a hide-covered altar of Uskayaw.
    46 | D        | Found a glowing silver altar of Zin.
    46 | D        | Found a radiant altar of Vehumet.
    46 | D        | Found a blossoming altar of Fedhas.
    46 | D        | Found a sparkling altar of Nemelex Xobeh.
    47 | D        | Found an opulent altar of Gozag.
    47 | D        | Found an iron altar of Okawaru.
    49 | D        | Noticed a water moccasin
    50 | D        | Noticed a water moccasin
    51 | D        | Became a worshipper of Sif Muna the Loreminder
    75 | D        | Noticed a merfolk siren
    78 | D        | Noticed a neqoxec
    78 | D        | Noticed a neqoxec
    78 | D        | Noticed a neqoxec
    78 | D        | Noticed a neqoxec
    78 | D        | Gained mutation: You tend to lose your temper in combat. [a
                  | neqoxec]
   102 | D        | Gained mutation: Your magical capacity is low. (-10% MP) [a
                  | neqoxec]
   111 | D        | Noticed a crimson imp
   114 | D        | Noticed Roxanne
   118 | D        | Gained mutation: You are dopey. (Int -2) [a neqoxec]
   122 | D        | Found Rayddaog's Jewellery Shoppe.
   124 | D        | Killed a neqoxec
   125 | D        | Reached skill level 7 in Fire Magic
   125 | D        | Reached XP level 3. HP: 17/22 MP: 0/8
   125 | D        | Reached XP level 4. HP: 20/27 MP: 0/9
   125 | D        | Reached XP level 5. HP: 24/32 MP: 0/10
   125 | D        | Found Ossolam's Assorted Antiques.
   125 | D        | Found Dedeih's Antique Weapon Emporium.
   125 | D        | Found Vewy's Gadget Shoppe.
   126 | D        | Found Ozolaiqi's Distillery.
   126 | D        | Found Mayfeugo's Antique Armour Shoppe.
   127 | D        | Found Fininedu's Book Shoppe.
   127 | D        | Found Anilyew's Magic Scroll Emporium.
   128 | D        | Found Dele Kuot's Antique Weapon Shoppe.
   128 | D        | Found Cimaigic's Jewellery Emporium.
   128 | D        | Found Mitwefuh's Assorted Antiques.
   128 | D        | Found Utyw's Antique Armour Emporium.
   128 | D        | Noticed a manticore
   129 | D        | Found Fuqumoug's Distillery.
   129 | D        | Found Mainebag's Antique Armour Emporium.
   130 | D        | Noticed a manticore
   139 | D        | Killed a neqoxec
   139 | D        | Reached * piety under Sif Muna
   140 | D        | Reached skill level 5 in Stealth
   140 | D        | Reached skill level 5 in Spellcasting
   140 | D        | Reached skill level 9 in Fire Magic
   140 | D        | Reached XP level 6. HP: 4/37 MP: 8/12
   140 | D        | Noticed Menkaure
   140 | D        | Noticed a manticore
   140 | D        | Noticed an oklob plant
   141 | D        | Found Ucwaepp's Book Shoppe.
   160 | D        | Killed Menkaure
   161 | D        | Reached skill level 1 in Fighting
   161 | D        | Reached skill level 5 in Dodging
   161 | D        | Reached skill level 10 in Fire Magic
   171 | D        | Noticed a hell hog
   172 | D        | Noticed a hell hog
   177 | D        | Bought a potion of lignification for 33 gold pieces
   197 | D        | Killed a neqoxec
   202 | D        | Noticed a wyvern
   219 | D        | HP: 1/57 [neqoxec (3)]
   221 | D        | Gained mutation: You occasionally shout uncontrollably at
                  | your foes. [a neqoxec]
   226 | D        | Killed a neqoxec
   227 | D        | Reached XP level 7. HP: 9/43 MP: 12/15
   595 | D        | Learned a level 3 spell: Conjure Flame
   599 | D        | Learned a level 3 spell: Inner Flame
   604 | D        | Learned a level 4 spell: Sticky Flame
   610 | D        | Learned a level 5 spell: Fireball
   613 | D        | Noticed a wyvern
   623 | D        | Mangled by a wyvern

Illustrated notes

Levels and vault maps discovered:
D:        the_violet_keep_of_menkaure [sprint2_stairs_cluster_1,
          sprint2_shoproom, sprint2_temple, sprint2_basic_supplies,
          sprint2_obstacle_6, sprint2_obstacle_5, sprint2_obstacle_7,
          sprint2_obstacle_4, sprint2_obstacle_2, sprint2_timed_cluster_1,
          sprint2_smallroom_cluster_1, sprint2_smallroom_final_cluster_1,
          sprint2_transparent_cluster_1, sprint2_second_timed_cluster_1,
          sprint2_sniper_area_1, sprint2_heavy_combat_area_1,
          sprint2_mutation_trap_area_1, sprint2_forest_area_1,
          sprint2_light_combat_area_1, sprint2_behind_water_1,
          sprint2_near_end_vault_1]

Skill      XL: |  1  2  3  4  5  6 |
---------------+-------------------+-----
Stealth        | 3 4 5 6 |  6.2
Fire Magic     | 4 7 9 10 | 10.8
Dodging        | 3 4 5 |  5.2
Unarmed Combat | 2 3 |  3.7
Spellcasting   | 4 5 6 |  6.5
Conjurations   | 2 3 |  3.0
Fighting       | 1 |  1.0

Action                   |  1- 3 |  4- 6 |  7- 9 || total
-------------------------+-------+-------+-------++-------
Melee: Unarmed           |    15 |     5 |       ||    20
       Tentacles         |     5 |       |       ||     5
       Constrict         |     3 |     1 |       ||     4
 Cast: Foxfire           |     7 |    11 |       ||    18
       Sticky Flame      |       |       |     2 ||     2
       Conjure Flame     |       |       |     1 ||     1
  Use: Potion            |     2 |     4 |       ||     6
Armor: Skin              |       |     4 |       ||     4
Dodge: Dodged            |     6 |     2 |       ||     8

Table legend: (Time is in decaauts)
 A = Elapsed time spent in this place.
 B = Non-inter-level travel time spent in this place.
 C = Inter-level travel time spent in this place.
 D = Time resting spent in this place.
 E = Time spent auto-exploring this place.
 F = Levels seen in this place.
 G = Mean time per level.
                   A        B        C        D        E       F      G
               +--------+--------+--------+--------+--------+-----+--------+
         Total |    620 |    620 |      0 |    364 |      0 |   1 |  620.0 |
       Dungeon |    620 |    620 |      0 |    364 |      0 |   1 |  620.0 |
               +--------+--------+--------+--------+--------+-----+--------+

Top non-repeatable levels by time:
       D: 620 daAuts
